 Dungeon Crawl Stone Soup version 0.28.0-43-g3370ac3207 (webtiles) character file.

Game seed: 7760549795673382595

14 Murumi the Skirmisher (level 2, 0/31 HPs)
             Began as an Ogre Gladiator on Mar 26, 2022.
             Slain by a bat (1 damage)
             ... on level 2 of the Dungeon.
             The game lasted 00:01:53 (1016 turns).

Murumi the Skirmisher (Ogre Gladiator)              Turns: 1016, Time: 00:01:53

Health: 0/31       AC:  3    Str: 17    XL:     2   Next: 41%
Magic:  2/2        EV: 10    Int:  9    God:
Gold:   37         SH:  0    Dex: 10    Spells: 1/1 levels left

rFire   . . .      SeeInvis .   a - +0 flail
rCold   . . .      Faith    .   (no shield)
rNeg    . . .      Spirit   .   b - +0 robe
rPois   .          Reflect  .   c - +0 hat
rElec   .          Harm     .   (no cloak)
rCorr   .          Rampage  .   (gloves unavailable)
Will    .....                   (boots unavailable)
Stlth   +.........              (no amulet)
HPRegen 0.10/turn               (no ring)
MPRegen 0.08/turn               (no ring)

@: no status effects
A: large, unfitting armour, tough skin 1
a: no special abilities


You were on level 2 of the Dungeon.
You visited 1 branch of the dungeon, and saw 2 of its levels.

You collected 37 gold pieces.

Inventory:

Hand Weapons
 a - a +0 flail (weapon)
Missiles
 d - 3 throwing nets
 e - 2 poisoned darts
 g - 79 stones (quivered)
Armour
 b - a +0 robe (worn)
 c - a +0 hat (worn)
Potions
 i - a potion of heal wounds {unknown}


   Skills:
 + Level 3.1 Fighting
 - Level 3.0 Maces & Flails
 - Level 2.0 Throwing
 - Level 3.0 Dodging


You had one spell level left.
You didn't know any spells.
Your spell library contained the following spells:

 Spells                   Type           Power      Damage    Failure   Level
 Inner Flame              Hex/Fire       0%         N/A       77%         3
 Cause Fear               Hex            0%         N/A       99%         4
 Discord                  Hex            0%         N/A       100%        8


Dungeon Overview and Level Annotations

Branches:
Dungeon (2/15)

Altars:


Innate Abilities, Weirdness & Mutations

You are too large for most types of armour.
You have tough skin. (AC +1)


Message History

Jessica seems to speed up.
You barely miss the bat.
The bat is heavily wounded.
The bat barely misses you. Jessica misses you. Jessica closely misses you.
You thump Jessica!
Jessica is almost dead.
The bat barely misses you. Jessica hits you with a +0 club.
Jessica gestures wildly while chanting.
Jessica blinks!
The bat hits you but does no damage.
A worm comes into view.
The bat misses you. Jessica casts a spell at you.
Pain shoots through your body!
You barely miss Jessica.
Jessica is almost dead.
The bat misses you. Jessica hits you with a +0 club!
Jessica gestures wildly.
Jessica hits you with a +0 club.
You are too injured to fight recklessly!
You closely miss Jessica.
Jessica is almost dead.
The bat closely misses you.
Jessica mumbles some strange words.
Jessica blinks!
The bat closely misses you. The bat barely misses you.
Jessica looks very angry.
Jessica casts a spell at you. Pain shoots through your body!
* * * LOW HITPOINT WARNING * * *
There is a stone staircase leading up, spattered with blood here.
Unknown command.
You hit Jessica.
Jessica is almost dead.
The bat hits you but does no damage. Jessica barely misses you.
You hit Jessica.
You kill Jessica!
The bat hits you.
You die...

##### #...#
#.>.# #
####.(.#.##
#.........#.
#.@)........
#.b.......#
####......#
.....$...
##...#.[.#
#w.## ..#
.... ..
#.... .
.....


You could see a bat.

Vanquished Creatures
  Jessica (D:2)
  A dart slug (D:1)
  A bat (D:1)
  2 endoplasms (D:1)
  A giant cockroach (D:1)
  2 hobgoblins (D:1)
  2 goblins (D:1)
  A rat (D:1)
11 creatures vanquished.

Vanquished Creatures (others)
  A bat (D:1)
1 creature vanquished.

Grand Total: 12 creatures vanquished

Notes
Turn   | Place    | Note
-------+----------+-------------------------------------------
     0 | D:1      | Murumi the Ogre Gladiator began the quest for the Orb.
     0 | D:1      | Reached XP level 1. HP: 22/22 MP: 1/1
   121 | D:1      | Reached XP level 2. HP: 30/31 MP: 2/2
   999 | D:2      | Noticed Jessica
  1014 | D:2      | HP: 1/31 [Jessica/nerve-wracking pain (14)]
  1016 | D:2      | Killed Jessica
  1016 | D:2      | Slain by a bat

Illustrated notes

Levels and vault maps discovered:
D:1:      minmay_arrival_doors, layout_basic, nrook_campfire
D:2:      layout_loops_ring, shapermc_ecumenical_altar_venn, uniq_jessica

Skill      XL: |  1  2 |
---------------+-------+-----
Fighting       | 3 |  3.1
Maces & Flails | 3 |  3.0
Dodging        | 3 |  3.0
Throwing       | |  2.0

Action                   || total
-------------------------++-------
Melee: Flail             ||    32
Throw: Stone             ||    17
       Throwing net      ||     1
  Use: Scroll            ||     3
Armor: Robe              ||    12
Dodge: Dodged            ||    34
